[Event "Titled Tuesday Blitz August 09 Late 2022"]
[White "Naroditsky, Daniel"]
[Black "Galperin, Platon"]
[WhiteFideId "2026961"]
[BlackFideId "14165414"]
[WhiteElo "2628"]
[BlackElo "2435"]
[Result "0-1"]
[Round "05"]
[TimeControl "180+1"]
[Date "2022.08.09"]
[WhiteClock "0:00:06"]
[BlackClock "0:00:04"]

1. e4 e5 2. Nf3 d6 3. Bc4 Nf6 4. Nc3 Be7 5. d3 O-O 6. O-O c6 7. a4 a5 8. Re1 Na6 9. h3 Re8 10. Ne2 Nc5 11. Ng3 Bf8 12. Be3 g6 13. Qb1 Qc7 14. Qa2 Rb8 15. Bd2 Be6 16. Bxe6 Nxe6 17. Bc3 Nc5 18. Re2 Bg7 19. Rae1 Ne6 20. Rd1 Nf4 21. Ree1 d5 22. exd5 N6xd5 23. Bd2 Ne6 24. Ne4 h6 25. Qb1 Kh7 26. Nc3 Nb4 27. Ne2 Nc5 28. b3 Nd5 29. Qc1 e4 30. dxe4 Nxe4 31. Bf4 Nxf4 32. Qxf4 Qb6 33. Qe3 Qxe3 34. fxe3 Rbd8 35. Ned4 Nc3 36. Rd3 Nd5 37. Kf2 Nb4 38. Rd2 c5 39. Nb5 Rxd2+ 40. Nxd2 Nxc2 41. Rc1 Nb4 42. Ke2 b6 43. Nc4 Re6 44. Rd1 f5 45. Rg1 f4 46. Rd1 fxe3 47. Rd7 Nc2 48. Rb7 Nd4+ 49. Nxd4 cxd4 50. Rxb6 Re7 51. Rb5 d3+ 52. Ke1 e2 53. Rc5 Bc3+ 54. Nd2 Bxd2+ 55. Kxd2 e1=Q+ 56. Kxd3 Qe2+ 57. Kd4 Qe3+ 58. Kc4 Re4+ 59. Kb5 Rb4+ 60. Kc6 Qe6+ 0-1


[Site "https://www.chess.com"]

[Event "Titled Tuesday Blitz August 09 Late 2022"]
[White "Nazaretyan, Tigran"]
[Black "Grischuk, Alexander"]
[WhiteFideId "24162345"]
[BlackFideId "4126025"]
[WhiteElo "2183"]
[BlackElo "2762"]
[Result "0-1"]
[Round "05"]
[TimeControl "180+1"]
[Date "2022.08.09"]
[WhiteClock "0:00:17"]
[BlackClock "0:02:02"]

1. d4 Nf6 2. c4 e6 3. Nf3 b6 4. a3 Bb7 5. Nc3 d5 6. cxd5 Nxd5 7. e3 g6 8. Bb5+ c6 9. Bd3 Bg7 10. h4 c5 11. h5 cxd4 12. exd4 Nxc3 13. bxc3 Qc7 14. Bd2 Nd7 15. h6 Bf6 16. a4 O-O 17. a5 e5 18. axb6 axb6 19. Rxa8 Bxa8 20. dxe5 Nxe5 21. Nxe5 Qxe5+ 22. Kf1 Rd8 23. Qa4 Qd5 0-1


[Site "https://www.chess.com"]

[Event "Titled Tuesday Blitz August 09 Late 2022"]
[White "Oparin, Grigoriy"]
[Black "Averjanov, Alexey"]
[WhiteFideId "24125890"]
[BlackFideId "14109867"]
[WhiteElo "2639"]
[BlackElo "2621"]
[Result "1-0"]
[Round "05"]
[TimeControl "180+1"]
[Date "2022.08.09"]
[WhiteClock "0:00:20"]
[BlackClock "0:00:11"]

1. c4 c5 2. Nf3 Nc6 3. Nc3 g6 4. e3 Nf6 5. d4 cxd4 6. exd4 d5 7. cxd5 Nxd5 8. Bc4 Nxc3 9. bxc3 Bg7 10. O-O O-O 11. Re1 e6 12. h4 h5 13. Bg5 Bf6 14. Qd2 b6 15. Qf4 Bxg5 16. Nxg5 Ne7 17. Re5 Nf5 18. Rae1 Bd7 19. d5 exd5 20. Bxd5 Kg7 21. Bxa8 Qxa8 22. R5e2 Bc6 23. f3 Qd8 24. Rd2 Qf6 25. c4 Qc3 26. Rde2 Kg8 27. Kh2 Rd8 28. Qc7 Qf6 29. Re6 fxe6 30. Qh7+ Kf8 31. Nxe6+ Ke8 32. Nc7+ Kf8 33. Ne6+ Ke8 34. Nf4+ Ne7 35. Nxg6 Qd6+ 36. Kh1 Kd7 37. Nxe7 Kc7 38. Nd5+ Kb8 39. Qxh5 Bb7 40. Qe5 Qxe5 41. Rxe5 b5 42. Ne3 b4 43. h5 Rd6 44. Kh2 Kc7 45. c5 Rd2 46. h6 Bxf3 47. h7 Rd8 48. gxf3 Rh8 49. Rh5 Kc6 50. Nc4 a5 51. Ne5+ Kb5 52. Ng6 Re8 53. h8=Q Rxh8 54. Nxh8 a4 55. Nf7 b3 56. axb3 axb3 57. c6+ Kxc6 58. Ne5+ Kb5 59. Nd3+ Kc4 60. Nb2+ Kc3 61. Na4+ Kb4 62. Rh4+ Ka3 63. Re4 Ka2 64. f4 b2 65. f5 b1=Q 66. Nc3+ Kb2 67. Nxb1 Kc2 68. f6 Kd3 69. Re7 Kd4 70. f7 Kd5 71. f8=Q Kc4 72. Qd8 Kb3 73. Rc7 Ka2 74. Qb8 Ka1 75. Ra7# 1-0


[Site "https://www.chess.com"]

[Event "Titled Tuesday Blitz August 09 Late 2022"]
[White "Papasimakopoulos, Alexandros"]
[Black "Alekseenko, Kirill"]
[WhiteFideId "4244125"]
[BlackFideId "4135539"]
[WhiteElo "2357"]
[BlackElo "2682"]
[Result "0-1"]
[Round "05"]
[TimeControl "180+1"]
[Date "2022.08.09"]
[WhiteClock "0:00:17"]
[BlackClock "0:00:45"]

1. d4 d5 2. c4 dxc4 3. Nf3 a6 4. e3 Bg4 5. Bxc4 e6 6. O-O Nc6 7. Nbd2 Nf6 8. Be2 Bd6 9. Nc4 O-O 10. b3 Nd5 11. Bb2 f5 12. a3 Nce7 13. h3 Bh5 14. Nfe5 Bxe2 15. Qxe2 Nf6 16. Rac1 Ned5 17. f3 Nh5 18. Qd2 Qg5 19. e4 Ndf4 20. Kh2 Rad8 21. Qf2 Nd3 22. Qe3 Qxe3 23. Nxe3 Nxb2 24. exf5 Nd3 25. Rcd1 Nxe5 26. dxe5 Bxe5+ 27. Kg1 Ng3 28. Rfe1 exf5 29. Kf2 f4 30. Nc2 Bd6 31. b4 Rfe8 32. Rxe8+ Rxe8 33. Rd2 a5 34. h4 h5 35. Kg1 axb4 36. axb4 Bxb4 37. Rd5 c6 38. Rg5 b6 39. Kh2 Be7 40. Re5 Kf7 41. Nd4 Bf6 42. Rxe8 Kxe8 43. Nxc6 b5 44. Kg1 Kd7 45. Nb4 Bd4+ 46. Kh2 Bc3 47. Nd5 b4 48. Nxf4 b3 49. Nd3 Nf5 50. Nc5+ Ke7 51. Nxb3 Nxh4 52. Nc5 Ng6 53. g3 Bd4 54. Ne4 Be3 55. Kh3 Ke6 56. Nc3 Bb6 57. Ne4 Bc7 58. Nc5+ Kf5 59. Ne4 Nf8 60. Nc3 Ne6 61. Nd5 g5 62. Ne3+ Kg6 63. Nd5 Bd6 64. Ne3 Nd4 65. Kg2 Bxg3 66. Kxg3 Nf5+ 67. Nxf5 Kxf5 68. Kg2 Kf4 69. Kf2 h4 70. Kg2 Ke3 71. f4 gxf4 72. Kh3 f3 73. Kh2 f2 74. Kg2 Ke2 75. Kh2 h3 76. Kh1 f1=Q+ 77. Kh2 Qg2# 0-1


[Site "https://www.chess.com"]

[Event "Titled Tuesday Blitz August 09 Late 2022"]
[White "Paravyan, David"]
[Black "Korchmar, Vasiliy"]
[WhiteFideId "4194985"]
[BlackFideId "24131750"]
[WhiteElo "2569"]
[BlackElo "2370"]
[Result "1-0"]
[Round "05"]
[TimeControl "180+1"]
[Date "2022.08.09"]
[WhiteClock "0:01:43"]
[BlackClock "0:00:02"]

1. e4 c5 2. Nf3 d6 3. d4 cxd4 4. Nxd4 Nf6 5. Nc3 Nc6 6. Bg5 Bd7 7. Nxc6 bxc6 8. Bc4 e6 9. Qe2 Qa5 10. Bxf6 gxf6 11. O-O h5 12. f4 h4 13. Kh1 Qh5 14. Qf2 h3 15. g3 Be7 16. Rae1 Kf8 17. f5 e5 18. b4 Bd8 19. Qd2 Bc7 20. a4 Kg7 21. b5 Ba5 22. g4 Qh4 23. Qxd6 Bxc3 24. Qxd7 Rhf8 25. Re3 Bd4 26. Rg3 cxb5 27. axb5 Rac8 28. Bd3 Qg5 29. Rxh3 Rh8 30. Rh5 1-0


[Site "https://www.chess.com"]

[Event "Titled Tuesday Blitz August 09 Late 2022"]
[White "Pulpan, Jakub"]
[Black "Chigaev, Maksim"]
[WhiteFideId "302759"]
[BlackFideId "4108116"]
[WhiteElo "2451"]
[BlackElo "2487"]
[Result "0-1"]
[Round "05"]
[TimeControl "180+1"]
[Date "2022.08.09"]
[WhiteClock "0:00:39"]
[BlackClock "0:00:17"]

1. Nf3 Nf6 2. b3 g6 3. Bb2 Bg7 4. g3 O-O 5. Bg2 a5 6. a4 d6 7. d4 Na6 8. O-O c6 9. Nbd2 Bf5 10. Re1 d5 11. Ne5 Nb4 12. Rc1 Ng4 13. Nxg4 Bxg4 14. c3 Na6 15. Nf3 Bxf3 16. exf3 e6 17. f4 Nc7 18. h4 h5 19. c4 Qd7 20. Qc2 Rfe8 21. Rcd1 Na6 22. Bc3 b6 23. Rd2 Qd6 24. Red1 Rac8 25. Qb2 Nb4 26. Bf1 Bf8 27. Qa3 Qd7 28. Qb2 Red8 29. Kh2 Qc7 30. Kg1 Qe7 31. Be2 Bg7 32. Bf1 dxc4 33. bxc4 c5 34. d5 Bxc3 35. Qxc3 exd5 36. cxd5 Qd6 37. f5 Re8 38. Bh3 gxf5 39. Bxf5 Rcd8 40. Qf3 Qh6 41. Kg2 Rd6 42. Bc2 Kg7 43. Bb3 Re5 44. Re2 Rf6 45. Rxe5 Rxf3 46. Rg5+ Qxg5 47. hxg5 Rxb3 48. d6 Nc6 49. d7 Nd8 50. Rd6 Rb4 51. Rg6+ 0-1


[Site "https://www.chess.com"]

[Event "Titled Tuesday Blitz August 09 Late 2022"]
[White "Rastbod, Ali"]
[Black "Ibarra Jerez, Jose Carlos"]
[WhiteFideId "12567477"]
[BlackFideId "2226332"]
[WhiteElo "2191"]
[BlackElo "2628"]
[Result "0-1"]
[Round "05"]
[TimeControl "180+1"]
[Date "2022.08.09"]
[WhiteClock "0:00:11"]
[BlackClock "0:01:12"]

1. d4 Nf6 2. Nf3 g6 3. Bg5 Bg7 4. Nbd2 O-O 5. e3 d6 6. Be2 Nbd7 7. O-O e5 8. c4 h6 9. Bh4 b6 10. h3 Bb7 11. d5 a5 12. Qc2 Qe8 13. e4 Nh5 14. Ne1 Nf4 15. Nb1 Nc5 16. Nc3 f5 17. Nd3 Nfxd3 18. Bxd3 g5 19. Bg3 f4 20. Bh2 f3 21. Rfe1 h5 22. Bf1 g4 23. Bg3 Bf6 24. hxg4 hxg4 25. Qd1 Qh5 26. Nb5 Rf7 27. gxf3 gxf3 28. Re3 Bg5 29. Ra3 Nxe4 0-1


[Site "https://www.chess.com"]

[Event "Titled Tuesday Blitz August 09 Late 2022"]
[White "Romanchuk, Viktor"]
[Black "Tanenbaum, Zachary"]
[WhiteFideId "14109271"]
[BlackFideId "2060850"]
[WhiteElo "2242"]
[BlackElo "2175"]
[Result "1-0"]
[Round "05"]
[TimeControl "180+1"]
[Date "2022.08.09"]
[WhiteClock "0:00:40"]
[BlackClock "0:00:02"]

1. d4 d5 2. c4 dxc4 3. e3 e5 4. Bxc4 exd4 5. exd4 Bd6 6. Nf3 Nf6 7. O-O O-O 8. Nc3 Nc6 9. h3 h6 10. Re1 Re8 11. Be3 Na5 12. Bd3 Be6 13. Ne5 Nc6 14. f4 Nd5 15. Nxd5 Bxd5 16. Qh5 Ne7 17. f5 Bxe5 18. dxe5 Bf3 19. Qxf3 Qxd3 20. f6 Ng6 21. fxg7 Rxe5 22. Bxh6 Qxf3 23. gxf3 Rh5 24. Bd2 Kxg7 25. Rad1 Rxh3 26. Kg2 Rh5 27. Bc3+ Kg8 28. Rd7 Nf4+ 29. Kg3 Ne6 30. f4 Rf5 31. Rf1 Kf8 32. Kg4 Ke8 33. Rxc7 Nxc7 34. Kxf5 Ne6 35. Kf6 Rd8 36. f5 Nc7 37. Re1+ Kd7 38. Re7+ Kc6 39. Kxf7 Nd5 40. Re6+ Kd7 41. Re1 Kd6 42. Rd1 Rd7+ 43. Kg6 Kc6 44. Kg5 Nxc3 45. Rxd7 Kxd7 46. bxc3 Ke8 47. Kg6 Kf8 48. Kf6 b6 49. c4 a6 50. a4 a5 51. Ke6 Ke8 52. f6 Kf8 53. f7 1-0


[Site "https://www.chess.com"]

[Event "Titled Tuesday Blitz August 09 Late 2022"]
[White "Rosen, Eric"]
[Black "Bartholomew, John"]
[WhiteFideId "2032562"]
[BlackFideId "2019353"]
[WhiteElo "2362"]
[BlackElo "2761"]
[Result "1-0"]
[Round "05"]
[TimeControl "180+1"]
[Date "2022.08.09"]
[WhiteClock "0:00:42"]
[BlackClock "0:00:06"]

1. d4 d6 2. e4 Nf6 3. Nc3 e5 4. Nf3 Nbd7 5. Bc4 Be7 6. O-O O-O 7. Re1 c6 8. a4 Qc7 9. h3 b6 10. Be3 Bb7 11. dxe5 dxe5 12. Nh4 Rfe8 13. Nf5 Nf8 14. Qf3 Ng6 15. g3 a6 16. h4 b5 17. Bb3 b4 18. Nb1 c5 19. Nd2 h5 20. Nxe7+ Rxe7 21. Bg5 Rd8 22. Bxf6 gxf6 23. Qxf6 Rd6 24. Qg5 Kg7 25. Nc4 Rf6 26. Ne3 Bxe4 27. Bd5 Bf3 28. Bxf3 Rxf3 29. Nd5 f6 30. Qxh5 Qd6 31. Qxf3 e4 32. Ne3 1-0


[Site "https://www.chess.com"]

[Event "Titled Tuesday Blitz August 09 Late 2022"]
[White "Rustemov, Alexander"]
[Black "Harsha Bharathakoti"]
[WhiteFideId "4119002"]
[BlackFideId "5078776"]
[WhiteElo "2782"]
[BlackElo "2575"]
[Result "1-0"]
[Round "05"]
[TimeControl "180+1"]
[Date "2022.08.09"]
[WhiteClock "0:00:09"]
[BlackClock "0:00:04"]

1. d4 Nf6 2. c4 c5 3. d5 g6 4. Nc3 Bg7 5. e4 O-O 6. Bd3 d6 7. h3 e6 8. Nf3 Nbd7 9. O-O e5 10. g4 h5 11. Nh2 hxg4 12. hxg4 Nh7 13. Kg2 Bf6 14. Rh1 Ng5 15. Be3 Kg7 16. Nf3 Nxf3 17. Bh6+ Kg8 18. Qxf3 Re8 19. Qh3 Nf8 20. Bg5 Nd7 21. Qh7+ Kf8 22. Bh6+ Ke7 23. g5 Rh8 24. gxf6+ Nxf6 25. Qxh8 Qxh8 26. Bg5 Qg7 27. f4 Kd7 28. Raf1 Nh5 29. fxe5 dxe5 30. Be2 f6 31. Be3 b6 32. Bxh5 gxh5+ 33. Kf2 Qh7 34. Ke1 Kc7 35. Rxf6 Bg4 36. Nb5+ Kb7 37. Rf7+ Qxf7 38. Nd6+ Ka6 39. Nxf7 Bf3 40. Rh4 Rg8 41. Nxe5 1-0


[Site "https://www.chess.com"]

[Event "Titled Tuesday Blitz August 09 Late 2022"]
[White "Salem, A.R. Saleh"]
[Black "Nakamura, Hikaru"]
[WhiteFideId "9301348"]
[BlackFideId "2016192"]
[WhiteElo "2674"]
[BlackElo "2850"]
[Result "1-0"]
[Round "05"]
[TimeControl "180+1"]
[Date "2022.08.09"]
[WhiteClock "0:00:21"]
[BlackClock "0:00:01"]

1. d4 Nf6 2. c4 e6 3. Nc3 Bb4 4. a3 Bxc3+ 5. bxc3 c5 6. f3 Qa5 7. Bd2 d6 8. e4 Nc6 9. Bd3 Qb6 10. Rb1 Qa6 11. Ne2 Na5 12. O-O O-O 13. e5 dxe5 14. dxe5 Nd7 15. f4 Nb6 16. Ng3 Rd8 17. Qe2 Nbxc4 18. Ne4 b5 19. Be1 Bb7 20. Nxc5 Qc6 21. Nxb7 Qxb7 22. Be4 Rd5 23. a4 a6 24. Bf2 Nd2 25. Bxd5 Qxd5 26. Rfd1 Nac4 27. Ra1 Rc8 28. axb5 axb5 29. Ra2 Rd8 30. Kh1 h5 31. Be1 h4 32. h3 g5 33. Raxd2 Nxd2 34. Rxd2 Qa8 35. fxg5 Rc8 36. g6 fxg6 37. Qg4 1-0


[Site "https://www.chess.com"]

[Event "Titled Tuesday Blitz August 09 Late 2022"]
[White "Sarana, Alexey"]
[Black "Kamsky, Gata"]
[WhiteFideId "24133795"]
[BlackFideId "2000024"]
[WhiteElo "2666"]
[BlackElo "2666"]
[Result "1-0"]
[Round "05"]
[TimeControl "180+1"]
[Date "2022.08.09"]
[WhiteClock "0:00:08"]
[BlackClock "0:00:10"]

1. c4 g6 2. d4 Bg7 3. Nc3 d6 4. e4 Nf6 5. Be2 e5 6. dxe5 dxe5 7. Qxd8+ Kxd8 8. f4 Be6 9. Nf3 Nc6 10. O-O h6 11. h3 Kc8 12. f5 gxf5 13. exf5 Bd7 14. Be3 a5 15. Rad1 Re8 16. g4 a4 17. Rd2 e4 18. Nd4 Ne5 19. Ndb5 Bf8 20. Rfd1 Ra6 21. Kf2 a3 22. b3 Bb4 23. Rc2 Nd3+ 24. Bxd3 exd3 25. Rxd3 h5 26. Nd5 Nxd5 27. Rxd5 hxg4 28. hxg4 Bc6 29. Na7+ Rxa7 30. Bxa7 b6 31. Rd3 Bc5+ 32. Kg3 Kb7 33. Bxb6 Kxb6 34. Rcd2 Re4 35. Kh4 f6 36. Rd8 Be3 37. Rb8+ Ka7 38. Rdd8 Bg5+ 39. Kh5 Re2 40. Rdc8 Bf3 41. Rb4 Bf4 42. Rf8 Be5 43. Kg6 Bxg4 44. Ra4+ Kb7 45. Rxa3 Rg2 46. Raa8 Bh3+ 47. Kf7 Bxf5 48. Rfb8+ Kc6 49. b4 Bd4 50. a4 Bg6+ 51. Ke7 Re2+ 52. Kf8 Kd6 53. Rd8+ Ke5 54. Re8+ 1-0


[Site "https://www.chess.com"]

[Event "Titled Tuesday Blitz August 09 Late 2022"]
[White "Shimanov, Aleksandr"]
[Black "Bilych, Olexiy"]
[WhiteFideId "4198603"]
[BlackFideId "14156504"]
[WhiteElo "2605"]
[BlackElo "2157"]
[Result "1-0"]
[Round "05"]
[TimeControl "180+1"]
[Date "2022.08.09"]
[WhiteClock "0:00:52"]
[BlackClock "0:00:04"]

1. e4 d5 2. exd5 Qxd5 3. Nf3 Bg4 4. Be2 Nc6 5. h3 Bxf3 6. Bxf3 Qe6+ 7. Qe2 Qxe2+ 8. Bxe2 O-O-O 9. c3 e5 10. d3 Nge7 11. O-O g6 12. Nd2 Bg7 13. a4 Nd5 14. Nc4 h6 15. a5 a6 16. g3 Rhe8 17. Bf3 f5 18. Rd1 Rd7 19. Kf1 Kb8 20. Ke2 Red8 21. Bd2 Ndb4 22. Bxc6 Nxc6 23. Be3 Rd5 24. f3 Re8 25. Bf2 Rdd8 26. Rac1 Kc8 27. b4 Ne7 28. Nd2 Nd5 29. Nb3 e4 30. d4 exf3+ 31. Kxf3 Nf6 32. Nc5 Ne4 33. Nxe4 Rxe4 34. Re1 Rde8 35. Rxe4 Rxe4 36. g4 Kd7 37. gxf5 gxf5 38. Rg1 Bf6 39. Rg6 Bg5 40. d5 Rf4+ 41. Ke2 Re4+ 42. Kd3 Re7 43. Bc5 Rf7 44. Ke2 Be7 45. Bd4 Bg5 46. Kf3 Rf8 47. Rg7+ Kc8 48. Be5 Bd8 49. c4 Re8 50. Kf4 Rf8 51. b5 Bg5+ 52. Kf3 axb5 53. cxb5 Bd8 54. a6 bxa6 55. bxa6 Kb8 56. d6 Ka7 57. dxc7 Kxa6 58. c8=Q+ 1-0


[Site "https://www.chess.com"]

[Event "Titled Tuesday Blitz August 09 Late 2022"]
[White "Sokolovsky, Yahli"]
[Black "Amburgy, Ryan"]
[WhiteFideId "2820242"]
[BlackFideId "30924820"]
[WhiteElo "1867"]
[BlackElo "2066"]
[Result "0-1"]
[Round "05"]
[TimeControl "180+1"]
[Date "2022.08.09"]
[WhiteClock "0:00:02"]
[BlackClock "0:00:13"]

1. b3 d5 2. Bb2 Bf5 3. e3 e6 4. Nf3 Nf6 5. d4 Be7 6. Bd3 Bg6 7. O-O a5 8. Ne5 Nbd7 9. f4 a4 10. Nd2 c6 11. g4 Bxd3 12. cxd3 Nxe5 13. dxe5 Nd7 14. f5 Bg5 15. fxe6 fxe6 16. Qe2 Qe7 17. Kh1 Rf8 18. Nf3 Rf7 19. Qf2 Nc5 20. Qe2 a3 21. Bd4 h6 22. b4 Nd7 23. Rab1 Kf8 24. Qf2 Kg8 25. h4 Rxf3 26. Qxf3 Bxh4 27. Kg2 Rf8 28. Qe2 Bg5 29. Rxf8+ Nxf8 30. Bc5 Qe8 31. Bxf8 Qxf8 32. b5 Qc5 33. bxc6 bxc6 34. d4 Qc3 35. Rb3 Qc1 36. Rb8+ Kf7 37. Rb3 Kg8 38. Rxa3 Qxa3 39. Qc2 Qxe3 40. Qxc6 Qe4+ 41. Kf1 Qf4+ 42. Ke1 Qd2+ 43. Kf1 Kf7 44. Qd7+ Be7 45. a4 Qxd4 46. g5 Qf4+ 47. Ke2 hxg5 48. a5 Qxe5+ 49. Kf1 Qf4+ 50. Kg2 Qe4+ 51. Kf1 g4 52. a6 g3 53. a7 Qf3+ 54. Ke1 Qf2+ 55. Kd1 g2 56. Qe8+ Kxe8 57. a8=Q+ Kf7 0-1


[Site "https://www.chess.com"]

[Event "Titled Tuesday Blitz August 09 Late 2022"]
[White "Sorkin, Igor"]
[Black "Ladan, Nicholas"]
[WhiteFideId "2803283"]
[BlackFideId "30918855"]
[WhiteElo "2401"]
[BlackElo "2167"]
[Result "1-0"]
[Round "05"]
[TimeControl "180+1"]
[Date "2022.08.09"]
[WhiteClock "0:01:12"]
[BlackClock "0:00:02"]

1. d4 d5 2. Nf3 Nf6 3. Bf4 c5 4. e3 Nc6 5. Nbd2 cxd4 6. exd4 Bf5 7. c3 e6 8. Qb3 Bd6 9. Ne5 O-O 10. Qxb7 Na5 11. Qa6 Rb8 12. Nxf7 Bxf4 13. Nxd8 Rxb2 14. Nf3 Rxd8 15. Qxa5 Rdb8 16. Be2 Rc2 17. Bd1 Rxf2 18. Kxf2 Rb2+ 19. Ke1 Be3 20. Be2 Ng4 21. Qd8+ Kf7 22. Ne5+ Nxe5 23. dxe5 1-0


[Site "https://www.chess.com"]

[Event "Titled Tuesday Blitz August 09 Late 2022"]
[White "Souleidis, Georgios"]
[Black "Zhigalko, Sergei"]
[WhiteFideId "4206827"]
[BlackFideId "13502956"]
[WhiteElo "2401"]
[BlackElo "2662"]
[Result "0-1"]
[Round "05"]
[TimeControl "180+1"]
[Date "2022.08.09"]
[WhiteClock "0:00:01"]
[BlackClock "0:00:28"]

1. e4 c5 2. Be2 Nc6 3. d3 g6 4. f4 Bg7 5. Nf3 e6 6. O-O Nge7 7. c3 d5 8. Na3 O-O 9. Nc2 b6 10. e5 d4 11. c4 f6 12. exf6 Rxf6 13. Bd2 a5 14. b3 Nf5 15. a3 Bb7 16. Rb1 Qc7 17. Ng5 Rd8 18. Ne4 Rff8 19. g4 Ne3 20. Nxe3 dxe3 21. Bxe3 Nd4 22. Ng3 Qc6 23. Ne4 Rd7 24. Rf2 Nxe2+ 25. Qxe2 Rfd8 26. Rd1 h6 27. Rff1 Kh7 28. h3 a4 29. bxa4 Qxa4 30. f5 Bxe4 31. fxe6 Rxd3 32. Rxd3 Bxd3 0-1


[Site "https://www.chess.com"]

[Event "Titled Tuesday Blitz August 09 Late 2022"]
[White "Taichman, Ori"]
[Black "Kravtsiv, Martyn"]
[WhiteFideId "2804069"]
[BlackFideId "14113147"]
[WhiteElo "2227"]
[BlackElo "2694"]
[Result "0-1"]
[Round "05"]
[TimeControl "180+1"]
[Date "2022.08.09"]
[WhiteClock "0:00:10"]
[BlackClock "0:00:42"]

1. e4 e5 2. d4 exd4 3. Qxd4 Nc6 4. Qe3 Nf6 5. Nc3 Bb4 6. Bd2 O-O 7. O-O-O Re8 8. Qg3 Rxe4 9. a3 Bxc3 10. Bxc3 d6 11. Bd3 Re8 12. h4 h6 13. Nh3 Bxh3 14. gxh3 Ne5 15. Rhg1 Nh5 16. Qg2 Qxh4 17. Qxb7 Nf4 18. Bb5 Rab8 19. Qa6 Rb6 20. Qa4 Ne2+ 21. Kd2 Qxa4 22. Bxa4 Nf3+ 23. Kd3 Nfxg1 24. Bxe8 Nxc3 25. Rxg1 Nd5 26. Bd7 Rxb2 27. h4 Kf8 28. Bc6 Nf4+ 29. Ke3 Ne6 30. Be4 Ra2 31. Rb1 Rxa3+ 32. Bd3 Nc5 33. Rb8+ Ke7 34. Rc8 Kd7 35. Rf8 Ke6 36. Rc8 Nxd3 37. cxd3 Rc3 38. Kd4 Rc5 39. h5 Rxh5 40. Rxc7 Rf5 41. Rxa7 Rxf2 42. Ke3 Rf5 43. d4 h5 44. Ke4 d5+ 45. Ke3 Kf6 46. Ra8 Kg5 47. Rh8 g6 48. Rh7 h4 49. Kd3 Kg4 50. Kc3 h3 51. Kb4 Rh5 52. Rxf7 h2 0-1


[Site "https://www.chess.com"]

[Event "Titled Tuesday Blitz August 09 Late 2022"]
[White "Terry, Renato"]
[Black "Mardov, Dimitar"]
[WhiteFideId "3803457"]
[BlackFideId "30919495"]
[WhiteElo "2577"]
[BlackElo "2185"]
[Result "0-1"]
[Round "05"]
[TimeControl "180+1"]
[Date "2022.08.09"]
[WhiteClock "0:00:02"]
[BlackClock "0:00:05"]

1. d4 Nf6 2. Bg5 e6 3. e4 h6 4. Bxf6 Qxf6 5. c3 d6 6. Bd3 g6 7. Ne2 Bg7 8. O-O O-O 9. f4 Qe7 10. Nd2 e5 11. Nf3 exd4 12. Nexd4 Nc6 13. Nc2 g5 14. Ne3 gxf4 15. Nd5 Qd8 16. Nxf4 Bg4 17. h3 Bxf3 18. Qxf3 Ne5 19. Qf2 Qg5 20. Be2 Rae8 21. Rae1 Ng6 22. Bd3 Be5 23. Ne2 Re6 24. Nd4 Nf4 25. Qf3 Rg6 26. g4 Qh4 27. Re3 h5 28. Nf5 Qg5 29. Kf2 hxg4 30. hxg4 Re8 31. Rh1 Ree6 32. Bc4 Kf8 33. Bxe6 fxe6 34. Nd4 Rf6 35. Ke1 Ke8 36. Kd1 c5 37. Nc2 Nd5 38. exd5 Rxf3 39. Rxf3 Qxg4 40. Rf1 exd5 41. Ne3 Qa4+ 42. Kc1 Qxa2 43. Nc2 Kd7 44. Rd1 Kc6 45. Rfd3 Bf4+ 46. Ne3 d4 47. cxd4 cxd4 48. Ra3 Bxe3+ 49. Kc2 Qc4+ 50. Kb1 Qd5 51. Ka1 a6 52. Rf1 Qb5 53. Rd1 Kd5 54. Rh1 Kc6 55. Kb1 Kb6 56. Ka2 Ka7 57. Re1 Bd2 58. Rd1 Bb4 59. Rb1 Bxa3 60. bxa3 0-1


[Site "https://www.chess.com"]

[Event "Titled Tuesday Blitz August 09 Late 2022"]
[White "Tica, Sven"]
[Black "Maksimovic, Bojan"]
[WhiteFideId "14526948"]
[BlackFideId "14408120"]
[WhiteElo "2350"]
[BlackElo "2447"]
[Result "0-1"]
[Round "05"]
[TimeControl "180+1"]
[Date "2022.08.09"]
[WhiteClock "0:00:14"]
[BlackClock "0:00:15"]

1. d4 c5 2. e3 Nf6 3. Nf3 b6 4. b3 Bb7 5. Bb2 e6 6. Nbd2 Be7 7. Bd3 O-O 8. O-O Nc6 9. a3 Rc8 10. Qe2 Rc7 11. dxc5 bxc5 12. e4 d6 13. e5 dxe5 14. Nxe5 Nd4 15. Qe3 Nd5 16. Qh3 g6 17. f4 Bf6 18. Ne4 Bg7 19. Nxc5 Rxc5 20. Bxd4 Nxf4 21. Rxf4 Rxe5 22. Bxe5 Bxe5 23. Raf1 Bxf4 24. Rxf4 e5 25. Rh4 e4 26. Bc4 Qd4+ 27. Kf1 Qd1+ 28. Kf2 Qd2+ 29. Kf1 e3 30. Be2 Qc1+ 0-1


[Site "https://www.chess.com"]

[Event "Titled Tuesday Blitz August 09 Late 2022"]
[White "Wagner, Dennis"]
[Black "Vasquez Schroeder, Rodrigo"]
[WhiteFideId "24650684"]
[BlackFideId "3400042"]
[WhiteElo "2355"]
[BlackElo "2567"]
[Result "1-0"]
[Round "05"]
[TimeControl "180+1"]
[Date "2022.08.09"]
[WhiteClock "0:00:04"]
[BlackClock "0:00:02"]

1. e4 c5 2. Nf3 d6 3. d4 cxd4 4. Nxd4 Nf6 5. Nc3 a6 6. f3 e5 7. Nb3 Be6 8. Be3 h5 9. Nd5 Bxd5 10. exd5 Nbd7 11. Qd2 b6 12. Be2 g6 13. O-O-O a5 14. a4 Bg7 15. Kb1 O-O 16. g4 Nc5 17. Nxc5 bxc5 18. Bg5 hxg4 19. h4 Qb6 20. Bxf6 Bxf6 21. fxg4 e4 22. Bb5 Rae8 23. g5 e3 24. Qe2 Bg7 25. h5 Re4 26. c3 Qd8 27. Qf3 Re5 28. h6 Bh8 29. h7+ Kg7 30. Rdg1 Rxg5 31. Qxe3 Rxg1+ 32. Rxg1 Qh4 33. Rg3 f5 34. Ka2 f4 35. Rh3 Qf6 36. Qf3 Qf5 37. Rh1 Rf7 38. Bc6 Re7 39. Qf2 Qe4 40. Qh4 Kf7 41. Rf1 Qc4+ 42. Ka3 Qxf1 43. Qg5 Qc4 44. Qg4 Qe4 45. Qc8 Qe5 46. Qg8+ Kf6 47. Qxh8+ Kg5 48. Qxe5+ Rxe5 49. h8=Q 1-0


[Site "https://www.chess.com"]

[Event "Titled Tuesday Blitz August 09 Late 2022"]
[White "Wan, Joseph"]
[Black "Kevlishvili, Robby"]
[WhiteFideId "2069890"]
[BlackFideId "1040634"]
[WhiteElo "2198"]
[BlackElo "2585"]
[Result "0-1"]
[Round "05"]
[TimeControl "180+1"]
[Date "2022.08.09"]
[WhiteClock "0:00:25"]
[BlackClock "0:00:23"]

1. d4 d5 2. Bf4 Nf6 3. e3 c5 4. Nf3 Nc6 5. Nbd2 cxd4 6. exd4 a6 7. c3 Bf5 8. Qb3 Na5 9. Qd1 Rc8 10. Be2 e6 11. Ne5 Be7 12. O-O O-O 13. Re1 h6 14. Bd3 Bxd3 15. Nxd3 Nc4 16. Nf3 Ne4 17. Nfe5 Bd6 18. f3 Bxe5 19. Bxe5 Ned6 20. Bg3 Nf5 21. Qe2 Qb6 22. Rab1 Rfe8 23. Ne5 Nxe5 24. Bxe5 Qc6 25. Qd3 b5 26. a3 Qc4 27. Qd2 a5 28. g4 Ne7 29. h4 Nc6 30. g5 h5 31. Bd6 Qb3 32. f4 g6 33. Re3 Rcd8 34. Bc5 Ne7 35. Bxe7 Rxe7 36. Rf1 Rc7 37. Qe2 Qc4 38. Qf2 b4 39. axb4 axb4 40. Rfe1 Qa6 41. f5 exf5 42. Re8+ Rxe8 43. Rxe8+ Kh7 44. Qe3 Qa1+ 45. Kg2 Qxb2+ 46. Kg1 Rxc3 47. Rh8+ Kxh8 48. Qe8+ Kg7 49. Qe5+ Kh7 50. Qh8+ Kxh8 0-1


[Site "https://www.chess.com"]